 Dungeon Crawl Stone Soup version 0.28-b1-25-g9875b3fc8c (webtiles) character file.

Game seed: 15282299640073944662

12959 Armakuni the Holy Warrior (level 12, -1/81 HPs)
             Began as a Human Monk on Feb 8, 2022.
             Was a Priest of the Shining One.
             Slain by a gargoyle (5 damage)
             ... on level 10 of the Dungeon.
             The game lasted 00:30:39 (15541 turns).

Armakuni the Holy Warrior (Human Monk)             Turns: 15541, Time: 00:30:40

Health: -1/81      AC: 13    Str: 16    XL:     12   Next: 26%
Magic:  21/21      EV: 11    Int: 11    God:    the Shining One [***...]
Gold:   463        SH:  0    Dex: 22    Spells: 9/11 levels left

rFire   . . .      SeeInvis .   a - +1 executioner's axe
rCold   . . .      Faith    +   (shield currently unavailable)
rNeg    + . .      Spirit   .   l - +2 scale mail {Will+}
rPois   +          Reflect  .   (no helmet)
rElec   .          Harm     .   g - +1 cloak
rCorr   .          Rampage  .   u - +0 pair of gloves
Will    +....                   (no boots)
Stlth   +.........              U - amulet of faith
HPRegen 0.23/turn               D - +6 ring of dexterity
MPRegen 0.17/turn               P - ring of poison resistance

@: glowing
A: frail 1, evolution 1
a: Renounce Religion, Divine Shield, Cleansing Flame


You were on level 10 of the Dungeon.
You worshipped the Shining One.
The Shining One was most pleased with you.
You visited 2 branches of the dungeon, and saw 11 of its levels.
You also visited: Sewer.

You collected 583 gold pieces.
You spent 120 gold pieces at shops.

Inventory:

Hand Weapons
 a - a +1 executioner's axe (weapon)
 b - a +2 dagger of venom
 j - a +1 scimitar
 w - a +0 hand crossbow
Missiles
 d - 3 boomerangs (quivered)
 x - 66 bolts
 A - a throwing net
Armour
 g - a +1 cloak (worn)
 l - a +2 scale mail of willpower (worn)
 n - a scarf of shadows
 u - a +0 pair of gloves (worn)
Jewellery
 D - a +6 ring of dexterity (left hand)
 F - a ring of fire
 P - a ring of poison resistance (right hand)
 U - an amulet of faith (around neck)
 W - a ring of wizardry
Wands
 h - a wand of flame (13)
Scrolls
 e - a scroll of identify
 k - a scroll of enchant armour
 m - a scroll of magic mapping
 y - 3 scrolls of teleportation
Potions
 c - 3 potions of flight
 f - 6 potions of magic
 i - a potion of might
 o - a potion of ambrosia
 q - 3 potions of curing
 r - 3 potions of cancellation
 s - 3 potions of brilliance
 t - a potion of haste {unknown}
 z - a potion of degeneration {unknown}


   Skills:
 - Level 7.6 Fighting
 - Level 7.6 Long Blades
 + Level 9.4 Axes
 + Level 7.2 Armour
 - Level 3.0 Dodging
 - Level 2.0 Stealth
 - Level 12.0 Invocations


You had 9 spell levels left.
You knew the following spells:

 Your Spells              Type           Power      Damage    Failure   Level
w - Wereblood             Tmut           0%         N/A       86%         2

Your spell library contained the following spells:

 Spells                   Type           Power      Damage    Failure   Level
 Animate Skeleton         Necr           0%         N/A       73%         1
 Apportation              Tloc           0%         N/A       73%         1
 Summon Small Mammal      Summ           0%         N/A       73%         1
 Corpse Rot               Necr/Air       0%         N/A       86%         2
 Poisonous Vapours        Pois/Air       0%         N/A       86%         2
 Static Discharge         Conj/Air       0%         N/A       86%         2
 Sublimation of Blood     Necr           0%         N/A       86%         2
 Gell's Gravitas          Tloc           0%         N/A       97%         3
 Teleport Other           Tloc           0%         N/A       97%         3
 Dispel Undead            Necr           0%         3d6       100%        4
 Sticky Flame             Conj/Fire      0%         2d3       100%        4
 Dispersal                Tloc           0%         N/A       100%        6
 Summon Hydra             Summ           0%         N/A       100%        7


Dungeon Overview and Level Annotations

Branches:
Dungeon (10/15)            Temple (1/1) D:4            Lair (0/6) D:9
  Sewer (visited)
    Orc: D:9-12

Altars:
Ashenzari
Cheibriados
Dithmenos
Elyvilon
Fedhas
Gozag
Hepliaklqana
Kikubaaqudgha
Makhleb
Nemelex Xobeh
Okawaru
Qazlal
Ru
Sif Muna
Trog
Uskayaw
Vehumet
Wu Jian
Xom
Yredelemnul
Zin
The Shining One

Shops:
D:5 *   D:8 =   D:10 =


Innate Abilities, Weirdness & Mutations

You are frail. (-10% HP)
You have hidden genetic potential.


Message History

There is an entrance to Esoate's Jewellery Shoppe here.
Okay, then.
You open the door.
There is an open door here.
As you open the door, it creaks loudly!
There is an open door here.
i - a potion of might You open the door.
There is an open door here.
A gargoyle comes into view. It is wielding a +0 morningstar.
You see here 6 gold pieces.
You now have 463 gold pieces (gained 6).
Okay, then.
You hit the gargoyle but do no damage.
The gargoyle hurls a stone arrow at you.
The stone arrow hits you!
You hit the gargoyle but do no damage.
The gargoyle hits you but does no damage.
The gargoyle hits you with a +0 morningstar!
You hit the gargoyle but do no damage.
The gargoyle hits you with a +0 morningstar!!
You slash the gargoyle!
The gargoyle is heavily damaged.
The gargoyle hits you with a +0 morningstar.
You hit the gargoyle but do no damage.
The gargoyle is heavily damaged.
The gargoyle hits you but does no damage.
The gargoyle hurls a stone arrow at you.
The stone arrow hits you!
* * * LOW HITPOINT WARNING * * *
You slash the gargoyle!
The gargoyle is severely damaged.
The gargoyle hurls a stone arrow at you.
The stone arrow misses you.
You hit the gargoyle but do no damage.
The gargoyle is severely damaged.
The gargoyle hits you with a +0 morningstar!
* * * LOW HITPOINT WARNING * * *
The gargoyle hits you with a +0 morningstar.
You die...

########## ######
#........ .....
#.#.....# . #...
#.......#... ..#...
#....#..#... ......
#.#9....... ......
#..@....... #+##.
#....#..##.# #.
#.#..#.....# #####.
#......#+## #.....
#......#.# #.##..
#.#..#.#.# #.....
#.#..#.#.#######+###
#......'.......
#......###+####


You could see a gargoyle.

Vanquished Creatures
  Harold (D:7)
  A two-headed ogre (D:7)
  An orc knight (D:9)
  A deep elf pyromancer (D:9)
  7 centaur zombies
  Joseph (D:8)
  A hellwing (D:7)
  3 meliai (D:9)
  A troll (D:10)
  A harpy zombie (D:7)
  Grinder (D:3)
  3 hornets
  4 wyverns (D:9)
  5 yaks
  3 vampire mosquitoes (D:5)
  3 water moccasins (D:9)
  An acid dragon (D:9)
  3 orc warriors
  2 ice beasts
  2 hornet zombies (D:7)
  A sky beast (D:6)
  An ogre (D:5)
  A phantom (D:5)
  A centaur (D:5)
  5 kobold brigands (Sewer)
  3 scorpions
  A wyvern zombie (D:6)
  11 killer bees
  2 electric eels (D:6)
  16 wights
  2 howler monkeys (D:8)
  2 bullfrog zombies
  A jelly (D:5)
  A gnoll shaman (D:8)
  A hound (D:4)
  5 orc priests
  3 bullfrog skeletons
  Terence (D:1)
  2 centaur skeletons (D:7)
  2 iguanas (D:6)
  4 orc wizards
  3 howler monkey zombies (D:9)
  7 adders
  9 gnolls
  A river rat (D:5)
  4 shadow imps (D:7)
  2 white imps
  An ufetubus (D:5)
  2 worms
  3 dart slugs
  26 orcs
  6 bats
  3 endoplasms
  6 giant cockroaches
  5 goblins
  7 hobgoblins
  19 kobolds
  6 quokkas
  6 ball pythons
  6 frilled lizards
  13 rats
246 creatures vanquished.

Vanquished Creatures (collateral kills)
  A centaur skeleton (D:7)
  A hellwing (D:7)
  A yak (D:8)
  A necrophage (D:6)
  2 centaurs (D:7)
  A bullfrog (D:7)
  A gnoll sergeant (D:8)
  2 howler monkeys (D:7)
  A bullfrog skeleton (D:7)
  A hound (D:7)
  2 gnolls (D:8)
  A shadow imp (D:7)
15 creatures vanquished.

Vanquished Creatures (others)
  3 yaks (D:8)
  A water moccasin (D:7)
  An ufetubus (D:6)
  2 fungi (D:9)
  89 plants
  7 withered plants (D:7)
103 creatures vanquished.

Grand Total: 364 creatures vanquished

Notes
Turn   | Place    | Note
-------+----------+-------------------------------------------
     0 | D:1      | Armakuni the Human Monk began the quest for the Orb.
     0 | D:1      | Reached XP level 1. HP: 18/18 MP: 1/1
   143 | D:1      | Reached XP level 2. HP: 24/24 MP: 2/2
   178 | D:1      | You fall into a shaft and drop 1 floor!
   454 | D:1      | Reached XP level 3. HP: 21/29 MP: 3/3
   969 | D:2      | Noticed Terence
   986 | D:1      | Killed Terence
   987 | D:1      | Reached XP level 4. HP: 28/37 MP: 4/4
  1834 | D:3      | Noticed Grinder
  1938 | D:3      | Found a shimmering altar of Xom.
  2154 | D:4      | Found a staircase to the Ecumenical Temple.
  2159 | Temple   | Entered the Ecumenical Temple
  2168 | Temple   | Became a worshipper of the Shining One
  2168 | Temple   | Reached * piety under the Shining One
  2168 | Temple   | Reached ** piety under the Shining One
  2273 | D:4      | Reached XP level 5. HP: 42/42 MP: 5/5
  2639 | D:4      | Reached skill level 1 in Invocations
  3290 | D:5      | Entered Level 5 of the Dungeon
  3298 | D:5      | Reached skill level 3 in Invocations
  3298 | D:5      | Reached XP level 6. HP: 39/49 MP: 6/8
  3524 | D:5      | Found a glowing drain.
  3536 | Sewer    | Entered a sewer
  3679 | Sewer    | Reached skill level 5 in Fighting
  3679 | Sewer    | Reached skill level 5 in Long Blades
  3686 | Sewer    | Reached XP level 7. HP: 22/56 MP: 9/9
  4544 | D:5      | Noticed a vampire mosquito
  4562 | D:5      | Killed a vampire mosquito
  4563 | D:5      | Reached XP level 8. HP: 18/65 MP: 7/10
  5802 | D:5      | Learned a level 2 spell: Wereblood
  6320 | D:5      | Found Haoz's Mayhem Merchandise.
  6329 | D:5      | Bought a +0 executioner's axe for 120 gold pieces
  6425 | D:5      | Reached XP level 9. HP: 40/72 MP: 8/11
  6881 | D:6      | Found a sacrificial altar of Ru.
  6887 | D:6      | Identified the +1 leather armour of Repulsion {Rampage
                  | rPois Dex+4}
  6921 | D:6      | Found an iron altar of Okawaru.
  6961 | D:6      | Reached skill level 5 in Axes
  7182 | D:6      | Reached *** piety under the Shining One
  7557 | D:6      | Reached skill level 1 in Armour
  8095 | D:3      | Paralysed by Grinder for 6 turns
  8113 | D:3      | Paralysed by Grinder for 3 turns
  8116 | D:3      | Killed Grinder
  8668 | D:7      | Noticed a hellwing
  8670 | D:7      | Noticed a hellwing
  9181 | D:6      | Reached skill level 4 in Invocations
  9379 | D:7      | Reached XP level 10. HP: 60/72 MP: 13/13
  9447 | D:7      | Reached skill level 5 in Invocations
  9453 | D:7      | Reached skill level 6 in Invocations
  9458 | D:7      | Reached skill level 7 in Invocations
  9490 | D:7      | Reached skill level 8 in Invocations
  9764 | D:7      | Reached skill level 9 in Invocations
  9962 | D:7      | Noticed a two-headed ogre
  9963 | D:7      | Noticed a +0 hand axe
  9963 | D:7      | Found a glowing silver altar of Zin.
  9964 | D:7      | Noticed a +0 dagger
  9991 | D:7      | Reached **** piety under the Shining One
  9998 | D:7      | Killed a two-headed ogre
  9999 | D:7      | Reached skill level 10 in Invocations
 10354 | D:7      | Reached XP level 11. HP: 74/84 MP: 17/19
 10396 | D:7      | Reached skill level 11 in Invocations
 10511 | D:7      | Found a hide-covered altar of Uskayaw.
 10512 | D:7      | Noticed Harold
 10541 | D:7      | Killed Harold
 10542 | D:7      | Reached skill level 12 in Invocations
 11553 | D:8      | Noticed Joseph
 11598 | D:8      | Killed Joseph
 11841 | D:8      | Found Diom Nid's Jewellery Shoppe.
 12277 | D:8      | Found a basalt altar of Yredelemnul.
 12687 | D:9      | Reached ***** piety under the Shining One
 12817 | D:9      | Noticed a deep elf pyromancer
 12839 | D:9      | Killed a deep elf pyromancer
 12840 | D:9      | Reached skill level 5 in Armour
 13498 | D:9      | HP: 2/84 [meliai (7)]
 13498 | D:9      | The Shining One protects you from harm!
 13498 | D:9      | The Shining One protects you from harm!
 13500 | D:9      | Reached XP level 12. HP: 12/91 MP: 16/21
 13922 | D:9      | Found a staircase to the Lair.
 14270 | D:10     | Entered Level 10 of the Dungeon
 14440 | D:10     | Gained mutation: You are frail. (-10% HP) [potion of
                  | mutation]
 14440 | D:10     | Gained mutation: You have hidden genetic potential. [potion
                  | of mutation]
 14775 | D:9      | HP: 4/81 [orc knight (26)]
 15482 | D:10     | Found Esoate's Jewellery Shoppe.
 15541 | D:10     | HP: 4/81 [gargoyle (16)]
 15541 | D:10     | Slain by a gargoyle

Illustrated notes

Levels and vault maps discovered:
D:1:      shiori_shiawase, layout_rooms, minmay_misc_feat_secret_circle,
          minmay_tromino_v7
D:2:      layout_basic, minivault_23, uniq_terence
D:3:      layout_basic, mainiacjoe_overflow_boulevard, minivault_23,
          uniq_grinder
D:4:      wad_woods_settlement, layout_basic, temple_doors_ab
D:5:      layout_cave_pools, gup_sewer_entry_bubbles, minmay_shop_mayhem
D:6:      layout_cave_pools, mainiacjoe_overflow_catch_the_wave, serial_bayou,
          serial_bayou_pond_e, serial_bayou_shore_a, serial_bayou_pond_b,
          serial_bayou_pond_c
D:7:      cheibrodos_grave_circle, layout_basic, dancing_weapons_uskayaw,
          mainiacjoe_overflow_paths, small_statue_intersection, uniq_harold
D:8:      layout_basic, kennysheep_mini, serial_shops, shop_fountains,
          uniq_joseph
D:9:      layout_loops_ring, minmay_lair_entry_grove
D:10:     layout_stronghold, orc_david_3, serial_shops, shop
Temple:   nicolae_temple_x_marks_the_god

Skill      XL: |  1  2  3  4  5  6  7  8  9 10 11 12 |
---------------+-------------------------------------+-----
Fighting       | 4 5 6 7 |  7.6
Long Blades    | 4 5 6 7 |  7.6
Invocations    | 3 4 10 12 | 12.0
Axes           | 2 6 8 9 |  9.4
Armour         | 2 6 7 |  7.2
Dodging        | |  3.0
Stealth        | |  2.0

Action                   |  1- 3 |  4- 6 |  7- 9 | 10-12 || total
-------------------------+-------+-------+-------+-------++-------
Melee: Falchion          |    53 |    12 |   132 |       ||   197
       Dagger            |    12 |   136 |   137 |   135 ||   420
       Punch             |       |     5 |     4 |     8 ||    17
       Long sword        |       |       |    44 |    54 ||    98
       Executioner's axe |       |       |    15 |   144 ||   159
Throw: Javelin           |       |       |     3 |       ||     3
       Dart              |       |       |       |     4 ||     4
Invok: Divine Shield     |       |       |    15 |    10 ||    25
       Cleansing Flame   |       |       |       |    16 ||    16
Evoke: Wand              |       |     1 |    20 |    13 ||    34
  Use: Scroll            |     6 |     1 |     5 |     9 ||    21
       Potion            |     1 |       |     3 |     4 ||     8
 Stab: Sleeping          |     4 |     5 |       |       ||     9
Armor: Robe              |    15 |     1 |       |       ||    16
       Leather armour    |       |    13 |    14 |       ||    27
       Scale mail        |       |       |    93 |   167 ||   260
Dodge: Dodged            |    49 |    81 |   160 |   214 ||   504
Block: Other             |       |       |    43 |    80 ||   123
